Cogmind - Beta 16 @@@ ROGUE MODE // 2025.12.04 @ 22:27:31 Player: Parkagirl Result: Destroyed by CZ-GQ3(R) with Subdweller Beam Cannon Performance ------------- Evolutions (0) 0 Regions Visited (2) 400 Robots Destroyed (7) 35 Value Destroyed (230) 230 Prototype IDs (0) 0 Alien Tech Used (0) 0 Bonus (0) 0 TOTAL SCORE: 665 Bonus ------- None Cogmind --------- Core Integrity 0/250 Matter 221/300 Energy 246/250 System Corruption 1% Temperature Cool (11) Movement Walking (120) Location -10/Subcaves Parts ------- > --- POWER (1) -------- Ion Engine > --- PROPULSION (2) --- Aluminum Leg Aluminum Leg > --- UTILITY (2) ------ (None) > --- WEAPON (2) ------- Small Laser > --- INVENTORY (5) ---- (None) Peak State ------------ > --- POWER ------------ Light Ion Engine > --- PROPULSION ------- Aluminum Leg Aluminum Leg > --- UTILITY ---------- Scrap Shield > --- WEAPON ----------- Small Laser > --- INVENTORY -------- Ion Engine Wheel High-capacity Matter Pod [Rating: 8] Favorites ----------- Power Light Ion Engine Engine Light Ion Engine Propulsion Aluminum Leg Leg Aluminum Leg Wheel Wheel Utility Scrap Shield Storage High-capacity Matter Pod Protection Scrap Shield Weapon Medium Laser Energy Gun Medium Laser Launcher Grenade Launcher Build | -11 -10 -10 ------- Run | Yrd Mat Sub Slots Evolved . | . . . Power . | . . . Propulsion . | . . . Utility . | . . . Weapon . | . . . Parts Attached 13 | 7 3 3 Power 2 | 1 . 1 Engine 2 | 1 . 1 Core . | . . . Reactor . | . . . Propulsion 4 | 4 . . Treads . | . . . Leg 2 | 2 . . Wheel 2 | 2 . . Hover . | . . . Flight . | . . . Utility 2 | . 1 1 Device . | . . . Storage 1 | . 1 . Processor . | . . . Hackware . | . . . Protection 1 | . . 1 Artifact . | . . . Weapon 5 | 2 2 1 Energy Gun 4 | 2 1 1 Energy Cannon . | . . . Ballistic Gun . | . . . Ballistic Cannon . | . . . Launcher 1 | . 1 . Special Weapon . | . . . Impact Weapon . | . . . Slashing Weapon . | . . . Piercing Weapon . | . . . Special Melee Weapon . | . . . Unidentified Prototypes . | . . . Parts Lost 3 | . 2 1 Power . | . . . Propulsion . | . . . Utility 1 | . . 1 Weapon 2 | . 2 . Highest Loss Streak 2 | . 2 1 To Critical Strikes . | . . . Average Backups 2 | 2 3 1 Power . | . 1 . Propulsion . | 1 1 . Utility . | . . . Weapon . | . 1 . Tool/Special . | . . . Unused Backups 1 | 1 . . Power . | . . . Propulsion 1 | 1 . . Utility . | . . . Weapon . | . . . Tool/Special . | . . . Average Slot Usage (%) 71 | . 75 68 Engine 14 | . 14 14 Leg 28 | . 28 28 Storage 5 | . 8 4 Protection 5 | . . 9 Energy Gun 16 | . 22 11 Peak Build Rating 8 | 5 6 8 Average Rating 5 | 3 5 6 On Entrance 3 | . 5 5 Avg Prop Armor Cover (%) . | . . . Naked Turns . | . . . Heaviest Build 24 | 6 12 24 Greatest Support 20 | 20 20 20 Greatest Overweight (x) 1 | . . 1 Average Overweight (x) . | . . . Largest Inventory Capacity 5 | 5 5 5 Average Capacity 5 | 5 5 5 Most Carried 5 | 5 5 5 Average Carried 2 | 2 3 1 Final Capacity 5 | 5 5 5 Final Carried 3 | 3 3 . Class Distribution -------------------- 100% | Mutant Dominant Class ---------------- Mutant | -10/Materials Mutant | -10/Subcaves Resources | -11 -10 -10 ----------- Run | Yrd Mat Sub Matter Collected 326 | 310 . 16 Remotely . | . . . Salvage Created 185 | 62 123 . Parts 17 | 4 13 . Haulers Intercepted . | . . . Recyclers Shooed . | . . . Parts Field Recycled . | . . . Retrieved Matter . | . . . Parts Self-Destructed 3 | . . 3 Prevented . | . . . Parts Restored . | . . . Kills | -11 -10 -10 ------- Run | Yrd Mat Sub Combat Hostiles Destroyed 5 | 1 4 . Guns 2 | 1 1 . AOE 3 | . 3 . Classes Destroyed 3 | 2 1 . Worker 1 | 1 . . Operator 1 | . 1 . Grunt 5 | 1 4 . Best Kill Streak 5 | 2 5 . Combat Bots Only 4 | 1 4 . Max Kills in Single Turn 2 | 1 2 . Gunslinging . | . . . Exploded 1 | . 1 . Melee . | . . . Uniques/NPCs Destroyed . | . . . Combat | -11 -10 -10 -------- Run | Yrd Mat Sub Hostile Shots Fired 54 | 2 38 14 Missed 17 | . 12 5 Hits 37 | 2 26 9 Projectile 37 | 2 26 9 AOE 3 | . . 3 Critical Strikes 1 | . . 1 Damage Taken 816 | 24 494 298 Core 260 | . 216 44 Absorbed by Shields . | . . . Core Remaining (%) 100 | 100 . . Volleys Fired 23 | 4 13 6 Largest 2 | 2 2 1 Hottest 100 | 90 100 40 Shots Fired 35 | 8 19 8 Gun 32 | 8 16 8 Cannon . | . . . Launcher 3 | . 3 . Special . | . . . Kinetic . | . . . Thermal 32 | 8 16 8 Explosive 3 | . 3 . Electromagnetic . | . . . Robot Hit Streak 4 | 2 1 4 Robot Miss Streak 4 | 3 4 3 Penetration Max . | . . . Secondary Targets . | . . . Shots Hit Robots 10 | 3 2 5 Core Hits 11 | 3 8 . Critical Kills . | . . . Critical Parts Destroyed . | . . . Critical Strikes . | . . . Melee Attacks . | . . . Impact . | . . . Slashing . | . . . Piercing . | . . . Sneak Attacks . | . . . Combat Hostiles . | . . . Follow-up Attacks . | . . . Damage Inflicted 317 | 34 230 53 Guns 112 | 34 25 53 Cannons . | . . . Explosions 205 | . 205 . Melee . | . . . Ramming . | . . . Kinetic . | . . . Thermal 180 | 34 93 53 Explosive 137 | . 137 . Electromagnetic . | . . . Impact . | . . . Slashing . | . . . Piercing . | . . . Highest Corruption 1 | . 1 1 Average Corruption 1 | . 1 1 Corruption Purged . | . . . Corruption Blocked . | . . . Effects 3 | . 1 2 Heat Flow Errors 1 | . 1 . Misfires 2 | . . 2 Overload Shots . | . . . Overflow Damage 40 | . 40 . Projectiles . | . . . Explosions 40 | . 40 . Melee . | . . . Knockbacks . | . . . Impact . | . . . Kinetic . | . . . Secondary . | . . . Self-Inflicted Damage 164 | . 164 . Shots 2 | . 2 . Rammed . | . . . Targets Rammed . | . . . Kicked . | . . . Crushed . | . . . Highest Temperature 578 | 72 578 . Average Temperature 181 | 36 225 . Received Heat Transfer 216 | 12 177 27 Effects 11 | . 11 . Shutdowns 2 | . 2 . Energy Bleed 3 | . 3 . Interference 1 | . 1 . Damage (minor) 1 | . 1 . Damage (major) 4 | . 4 . Siege Activations . | . . . Martial Activations . | . . . Shielding Activations . | . . . Robots Disrupted . | . . . Combat Hostiles . | . . . Robots Corrupted . | . . . Combat Hostiles . | . . . Parts Fried . | . . . Impact Corruptions . | . . . Robots Melted . | . . . Combat Hostiles . | . . . Parts Melted . | . . . Heat Transferred 348 | 99 124 125 Parts Sabotaged . | . . . Parts Stolen . | . . . Parts Stripped . | . . . Power Chain Reactions . | . . . Alert | -11 -10 -10 ------- Run | Yrd Mat Sub Maximum Alert Level . | . . . Low Security (%) 100 | 100 100 . Level 1 . | . . . Level 2 . | . . . Level 3 . | . . . Level 4 . | . . . Level 5 . | . . . High Security . | . . . Max Security . | . . . Peak Influence 187 | 25 187 . Initial 3 | . 3 . Average 36 | 3 70 . Influence Increases 236 | 25 211 . Destroy 0b10 Robot/C 100 | 20 80 . Destroy 0b10 Robot/NC 10 | 5 5 . Destroy Leader 30 | . 30 . Successful Hack 4 | . 4 . Disable Machine 45 | . 45 . Destroy Structure 32 | . 32 . Lose Combat Pursuer 15 | . 15 . Influence Decreases 236 | 20 59 157 Entered New Map 78 | . 2 76 Time Decay 138 | 20 37 81 Lost Part 20 | . 20 . Squads Dispatched 3 | . 3 . Investigation 2 | . 2 . Extermination . | . . . Reinforcement 1 | . 1 . Assault . | . . . Garrison . | . . . Intercept . | . . . Searches Triggered . | . . . Construction Impeded . | . . . Haulers Reinforced . | . . . Active Scanning Responses . | . . . Cargo Convoy Interrupts . | . . . Stealth | -11 -10 -10 --------- Run | Yrd Mat Sub Distress Signals . | . . . Communications Jammed . | . . . Distress Signals . | . . . Times Spotted 22 | 1 9 12 Peak Tracking Total 5 | 1 4 5 Tactical Retreats 1 | . 1 . Traps | -11 -10 -10 ------- Run | Yrd Mat Sub Traps Triggered . | . . . Indirectly . | . . . Trap Hack Attempts . | . . . Triggered . | . . . Disarmed . | . . . Reprogrammed . | . . . Reused . | . . . Traps Extracted . | . . . Installed . | . . . Triggered . | . . . Machines | -11 -10 -10 ---------- Run | Yrd Mat Sub Machines Disabled 3 | . 3 . Max in Single Turn 3 | . 3 . Machines Repaired . | . . . Machines Dismantled . | . . . Machines Sabotaged . | . . . Overloaded Fab Kills . | . . . Hacking | -11 -10 -10 --------- Run | Yrd Mat Sub Machines Accessed 2 | . 2 . Terminals 1 | . 1 . Fabricators . | . . . Repair Stations . | . . . Recycling Units 1 | . 1 . Scanalyzers . | . . . Garrison Access . | . . . Total Hacks 15 | . 15 . Successful 7 | . 7 . Failed 8 | . 8 . Catastrophic . | . . . Database Lockouts . | . . . Manual 1 | . 1 . Terminals 8 | . 8 . Fabricators . | . . . Repair Stations . | . . . Recycling Units 7 | . 7 . Scanalyzers . | . . . Garrison Access . | . . . Terminal Hacks 4 | . 4 . Record 2 | . 2 . Alert Level 1 | . 1 . Locate Traps 1 | . 1 . Fabricator Hacks . | . . . Repair Station Hacks . | . . . Recycling Unit Hacks 3 | . 3 . Process 1 | . 1 . Report Inventory 1 | . 1 . Retrieve Components 1 | . 1 . Scanalyzer . | . . . Garrison Access Hacks . | . . . Unauthorized Hacks . | . . . Terminals . | . . . Fabricators . | . . . Repair Stations . | . . . Recycling Units . | . . . Scanalyzers . | . . . Garrison Access . | . . . Data Cores Recovered . | . . . Used . | . . . Hacking Detections 2 | . 2 . Full Trace Events 2 | . 2 . Feedback Events 1 | . 1 . Corruption 1 | . 1 . Feedback Blocked . | . . . Robot Schematics Acquired . | . . . Robots Built . | . . . Authchips . | . . . Time . | . . . Total Robot Build Rating . | . . . Part Schematics Acquired . | . . . Parts Built . | . . . Authchips . | . . . Time . | . . . Total Part Build Rating . | . . . Part Studies Acquired . | . . . Parts Repaired . | . . . Time . | . . . Parts Recycled . | . . . Recycled Matter . | . . . Retrieved Matter . | . . . Retrieved Components 2 | . 2 . Parts Scanalyzed . | . . . Part Schematics Acquired . | . . . Parts Damaged . | . . . Bothacking | -11 -10 -10 ------------ Run | Yrd Mat Sub Used RIF Installer . | . . . Robots Hacked . | . . . Non-combat . | . . . Combat . | . . . Robot Hacks Applied . | . . . Relay Couplers Released . | . . . Fabnet Peak Effective % . | . . . Robots Rewired . | . . . Allies Hacked . | . . . Hacks Repelled . | . . . Allies | -11 -10 -10 -------- Run | Yrd Mat Sub Total Allies . | . . . Largest Group . | . . . Highest-Rated Group . | . . . Highest-Rated Ally . | . . . Total Orders . | . . . Ally Attacks . | . . . Total Damage . | . . . Kills . | . . . Allies Corrupted . | . . . Allies Melted . | . . . Intel | -11 -10 -10 ------- Run | Yrd Mat Sub Active Infowar (turns) . | . . . Robot Analysis Total . | . . . Derelict Logs Recovered . | . . . Drone Launches . | . . . Drone Recoveries . | . . . Exploration | -11 -10 -10 ------------- Run | Yrd Mat Sub Turns Passed 434 | 122 120 192 Spaces Moved 278 | 107 67 104 Core 36 | 36 . . Treads . | . . . Legs 182 | 11 67 104 Wheels 60 | 60 . . Hover . | . . . Flight . | . . . Fastest Speed 50 | 50 120 120 Average Speed 117 | 74 120 160 Slowest Speed 190 | 120 120 190 Overloaded Moves . | . . . Propulsion Burnouts . | . . . Robots Hopped . | . . . Potential Cave-ins . | . . . Cave-ins Triggered . | . . . Exploration Rate (%) 7 | 5 12 5 Regions Visited 2 Branch Regions 1 Pre-discovered Areas 1 | . . 1 Known Exits Taken . | . . . Unknown Exits Taken 2 | 1 1 . Scrap Searched . | . . . Spaces Dug . | . . . Terrain Destroyed 52 | . 52 . Melee . | . . . Projectile . | . . . AOE 52 | . 52 . Terrain Rammed . | . . . Walls Destroyed . | . . . Machines Disabled . | . . . Actions | -11 -10 -10 --------- Run | Yrd Mat Sub Total 353 | 140 87 126 Wait 12 | 7 . 5 Move 276 | 106 66 104 Hop . | . . . Pick Up 14 | 10 3 1 Fast Attach . | . . . Attach 10 | 5 2 3 Detach 2 | . . 2 Swap 9 | 6 2 1 Drop 7 | 2 1 4 Fire 23 | 4 13 6 Melee . | . . . Ram . | . . . Kick . | . . . Crush . | . . . Escape Stasis . | . . . Rewire . | . . . Trap . | . . . Miscellaneous . | . . . Route ------- -11/Scrapyard -10/Materials -10/Subcaves History --------- Turn | Location | Event 2 | -11/Scrapyard | Met Revision 17 79 | -11/Scrapyard | Discovered new exit (range 8) 123 | -11/Scrapyard | Entered Materials 205 | -10/Materials | Core integrity fell below 50% 228 | -10/Materials | Core integrity fell below 20% 230 | -10/Materials | Discovered new exit (range 9) 243 | -10/Materials | Entered Subcaves 244 | -10/Subcaves | Approached by a straggling Scientist 255 | -10/Subcaves | Shifting Twisted Machinery released Sub. Beam Cannon 323 | -10/Subcaves | Learned location of Zion (-7) 323 | -10/Subcaves | Met a Zionite searching for "candidates" 324 | -10/Subcaves | Build established: Mutant 390 | -10/Subcaves | A swath of the cavern ceiling suddenly collapsed 405 | -10/Subcaves | Ambushed by swarm of Subdwellers 405 | -10/Subcaves | Ambushed by Subdwellers from Twisted Machinery 421 | -10/Subcaves | Ambushed by Subdweller buried in earth 429 | -10/Subcaves | Ambushed by Subdweller buried in earth 429 | -10/Subcaves | Ambushed by Subdweller buried in earth 429 | -10/Subcaves | Ambushed by Subdweller buried in earth 435 | -10/Subcaves | Destroyed by CZ-GQ3(R) with Subdweller Beam Cannon Last Messages --------------- 00421_ LT-C0A(R) suffers critical hit (Destroy). 00421_ R6-7H2(g) destroyed. 00421_ FY-SUW(R) suffers critical hit (Destroy). 00421_ FY-SUW(R) destroyed. 00421_ 9C-IPW(h) destroyed. [Achievement: Do Not Disturb] 00422_ YJ-74W(R): "THANKSYOU!" 00426_ Subatomizers dissect the Sub. Monowheel. 00426_ W1-21P(R) destroyed. 00428_ LT-C0A(R) affixes Scrap Shield Fragment to Scrap Shield. 00428_ JO-SFS(R) destroyed. 00428_ 30-XMP(R) affixes Scrap Shield Fragment to Scrap Shield. 00429_ YS-VY9(R) destroyed. 00429_ YJ-74W(R) destroyed. 00430_ CZ-GQ3(R): "GOODGOOD!" 00430_ G1-O51(R): "FREEEEDUMB!" 00431_ KY-U49(g) destroyed. 00432_ Critical hit (Destroy). 00432_ Scrap Shield destroyed. [Achievement: First Step to Greatness] Map ----- +----------------------------------------------------+ | ??????????????????????????????# ### ###"""### | | ??????????????????????????????# ### # ##"""#"# | | ??????????????????????????????# ## #### " ""# | | ??????????????????????????????# ##??# "" | | ??????????????????????????????## ##### ##### # | | ??????????????????????????????# # ### #???? # | | ??????????????????????????????## ## ##?###????? | | ??????????????????????????????# # #?????????? | | ??????????????????????????????## # #?????????? | | ?????????????????????????????### ## #?????????? | | ?????????????????????????????# ## #?????????? | | ?????????????????????????????## #?????????? | | ??????????????????????????????## ## ##????????? | | ???????????????????????????????# ## ##???????? | | ???????????????????????????????# ;# #???????? | | ???????????????????????????????# ;## ##??????? | | ??????????????????????????????## ### #??????? | | ????????????????????????????##==! ## ##?????? | | ??????????????????????????##!R!!! #?????? | | ?????????????????????????# ;&=!%%& #?????? | | ????????????## ????######; =%%=[ #?????? | | ????????????# ####;## %*!!%% ##?????? | | ???????????# ;;; # % =& ######??????? | | ????????? # =! ;#####???????????? | | ????????? ### # %R ;#???????????????? | | ???????????????## ??#; @ * #????????????????? | | ????????????????#???##; % ;##????????????????? | | ????????????????????# R #?????????????????? | | ????????????????????# = ##?????????????????? | | ????????????????????# %& #??????????????????? | | ????????????????????# & % #?????????????????? | | ????????????????????## R ##?????????????????? | | ?????????????????????## ###??????????????????? | | ?????????????????????? #????????????????????? | | ?????????????????????########????????????????????? | | ?????????????????????????????????????????????????? | | ?????????????????????????????????????????????????? | | ?????????????????????????????????????????????????? | | ?????????????????????????????????????????????????? | | ?????????????????????????????????????????????????? | | ?????????????????????????????????????????????????? | | ?????????????????????????????????????????????????? | | ?????????????????????????????????????????????????? | | ?????????????????????????????????????????????????? | | ?????????????????????????????????????????????????? | | ?????????????????????????????????????????????????? | | ?????????????????????????????????????????????????? | | ?????????????????????????????????????????????????? | | ?????????????????????????????????????????????????? | | ?????????????????????????????????????????????????? | +----------------------------------------------------+ Best States ------------- Heat Dissipation 25 Energy Generation 10 Energy Capacity 250 Matter Stores 300 Matter Capacity 500 Sight Range 16 Terrain Scan Density 10 Armor Coverage 800 Evasion (%) 55 Item Schematics ----------------- None Robot Schematics ------------------ None Fabricated ------------ Nothing Repaired ---------- Nothing Studied --------- None Alien Tech Used ----------------- None Achievements -------------- Do Not Disturb First Step to Greatness I Have A Map? One Hack Too Far Organ Harvest There's More Where That Came From Uninvited Guest Well Done Challenges ------------ None Game ------ Seed FieldthrustGhostAirjet Manual? 0 Play Time 00:31:25 Cumulative 0.5 hours Start 2025.12.04 @ 17:47:29 End 2025.12.04 @ 22:27:31 Sessions 4 Manual Loads 0 Difficulty Rogue Special Mode None Game No. 1 Rogue 1 Adventurer 0 Explorer 0 Win Type - Total 0 Types 0/0/0/0/0/0/0/0/0/0 Lore% 0 Gallery% 0 Achievement% 1 Wizard Run 0 Options --------- Layout 1 ASCII 0 Keyboard 0 Movement Arrows Keybinds 0 Fullscreen 1 Font 24/Smallcaps Map View 76x35 Zoom Use 0% Tactical HUD 1 Map Filters NONE Filters NONE Steam 1 RUN: f0b22df9-2f13-4638-8274-a5ff3c5cf50f